 Dungeon Crawl Stone Soup version 0.30.1-3-gfc49f6343a (webtiles) character file.

Game seed: 7839645725832231332

2 croobank the Sneak (level 1, 0/16 HPs)
             Began as an Octopode Delver on July 30, 2023.
             Slain by a wight
             ... wielding a +0 spear
              (4 damage)
             ... on level 6 of the Dungeon.
             The game lasted 00:01:24 (28 turns).

croobank the Sneak (Octopode Delver)                  Turns: 28, Time: 00:01:25

Health: 0/16       AC:  1    Str: 11    XL:     1   Next: 30%
Magic:  1/1        EV: 13    Int: 12    God:
Gold:   0          SH:  0    Dex: 13    Spells: 0/0 levels left

rFire   . . .        a - +0 short sword
rCold   . . .        (no shield)
rNeg    . . .        (helmet restricted)
rPois   .            (no amulet)
rElec   .            (no ring)
rCorr   .            (no ring)
SInv    .            (no ring)
Will    .....        (no ring)
Stlth   ++++         (no ring)
HPRegen 0.22/turn    (no ring)
MPRegen 0.07/turn    (no ring)
                     (no ring)

%: no passive effects
@: hasted, very quick
A: almost no armour, amphibious, 8 rings, camouflage 1, gelatinous body 1,
(nimble swimmer 1), tentacles
a: no special abilities


You were on level 6 of the Dungeon.
You visited 1 branch of the dungeon, and saw 2 of its levels.

Inventory:

Hand Weapons
 a - a +0 short sword (weapon)
Wands
 f - a wand of digging (3)
Scrolls
 b - a scroll of fog


   Skills:
 + Level 3.0 Fighting
 + Level 2.0 Short Blades
 + Level 2.0 Dodging
 + Level 6.6 Stealth


You couldn't memorise any spells.
You didn't know any spells.
Your spell library was empty.

Dungeon Overview and Level Annotations

Branches:
Dungeon (6/15)
 Temple: D:4-7

Altars:


Innate Abilities, Weirdness & Mutations

You cannot wear most types of armour.
You are amphibious.
You can wear up to eight rings at the same time.
Your skin changes colour to match your surroundings (Stealth+).
Your rubbery body absorbs attacks. (AC +1, EV +1)
((You are camouflaged when in or above water. (Stealth+)))
You have tentacles for arms and can constrict up to eight enemies at once.


Message History

Found a stone staircase leading down.
You climb downwards.
Found a fizzy dark potion and a hand axe.
There is a stone staircase leading up here.
The helpless wight fails to defend itself.
You puncture the wight! You grab the wight.
The wight is almost destroyed.
You constrict the wight, but do no damage.
You hit the wight but do no damage.
The wight is almost destroyed.
You constrict the wight, but do no damage.
The wight hits you with a +0 spear!
You feel yourself speed up.
You constrict the wight, but do no damage.
The wight escapes!
The wight closely misses you.
The wight hits you from afar with a +0 spear!
Ouch! That really hurt!
* * * LOW HITPOINT WARNING * * *
An orc comes into view. It is wielding a +0 dagger.
As you read the scroll of magic mapping, it crumbles to dust.
You feel aware of your surroundings.
A bullfrog comes into view.
Found a dark potion.
You swing at nothing.
The orc shouts!
You hear a shout! x2; You hear an angry hiss.
You hear a bark!
An adder comes into view.
An orc comes into view. It is wielding a +0 short sword.
The orc shouts!
The bullfrog gives a loud, deep croak!
An orc comes into view. It is wielding a +0 club. x2
As you read the scroll of fear, it crumbles to dust.
You assume a fearsome visage.
The bullfrog looks frightened!
The adder looks frightened!
The orc looks frightened! x4
You strike the helpless orc from behind!
You puncture the orc!
You kill the orc!
A hound comes into view.
You see here a +0 dagger.
Found 7 gold pieces.
The wight hits you from afar with a +0 spear.
You die...

***,***,,.**.,,.,...**,*,,****
,,,,* *,*.##.,..,..,##.**,,,,****
*,,,***,*,..##..#.##...**,,,,,,,,
*,,,.*#,**#...,........,,,,,,****
*,**..#.**#..#*#.o.o.S$,,,,,,*
*,**#....*#..###...oh..,,,,,,*
,,***##..##..##....#*,,,,,,,***
,,,,*#......z.)..#,,**,,,,,,,,***
,,,,,#.##..z###.@#*,**<,,**,*,,,,
,,,,,,,*#....##..##.**,,,,*,****,
,,,,,,,*#.##..z.....**,,*,*,,****
,,,,,,,#..*#..#####.,,,.,,,,,,,,,
,,,,,,...#*#..# **...,#*,*,,***
,,,,,....**#..# **.#.#*,**,**
,,,,.!.#.,*#!z#######.#.#*,**,,**
,,,,...,..##............##,,**,,,
,,,,,,,.........z........#*,****,


You could see 2 wights and 2 orcs.

Vanquished Creatures
  An orc (D:6)
1 creature vanquished.

Notes
Turn   | Place    | Note
-------+----------+-------------------------------------------
     0 | D:5      | croobank the Octopode Delver began the quest for the Orb.
     0 | D:5      | Reached XP level 1. HP: 16/16 MP: 1/1
     1 | D:6      | Noticed a wight
     1 | D:6      | Noticed a wight
     1 | D:6      | Noticed a wight
    19 | D:6      | Noticed a bullfrog
    25 | D:6      | Noticed a hound
    28 | D:6      | Slain by a wight

Illustrated notes

Levels and vault maps discovered:
D:5:      layout_gridville, chequers_serial_rivers_micro_a,
          nicolae_figureground_pulse
D:6:      layout_rooms, kennysheep_small_square

Action                     || total
---------------------------++-------
  Melee: Short sword       ||     3
         Constrict         ||     1
    Use: Scroll            ||     2
         Potion            ||     1
   Stab: Fleeing           ||     1
         Sleeping          ||     1
  Dodge: Dodged            ||     1
